 Dungeon Crawl Stone Soup version 0.26.1-2-gb8aa6d0cf2 (webtiles) character file.

Game seed: 9033045913762519839

8384 Majorwet the Grappler (level 11, -2/126 HPs)
             Began as a Demonspawn Berserker on Mar 3, 2021.
             Was a High Priest of Trog.
             Slain by an orc knight
             ... wielding a +3 war axe
              (4 damage)
             ... on level 9 of the Dungeon on Mar 5, 2021.
             The game lasted 00:24:47 (11594 turns).

Majorwet the Grappler (Demonspawn Berserker)       Turns: 11594, Time: 00:24:47

Health: -2/126     AC: 15    Str: 21    XL:     11   Next: 9%
Magic:  6/6        EV:  7    Int:  9    God:    Trog [*****.]
Gold:   581        SH:  0    Dex: 14    Spells: 10/10 levels left

rFire    . . .     SeeInvis .   G - +3 battleaxe (antimagic)
rCold    . . .     Faith    +   (shield currently unavailable)
rNeg     + . .     Spirit   .   h - +0 plate armour
rPois    .         Reflect  .   t - +0 helmet
rElec    .         Harm     .   (no cloak)
rCorr    .         Rampage  .   g - +0 pair of gloves
Will     .....                  (no boots)
Stlth    ..........             I - amulet of faith
HPRegen  0.31/turn              q - ring of magical power
MPRegen  0.10/turn              A - ring of positive energy

@: berserking (expiring), very quick
A: talons 1, thin skeletal structure 1, demonic guardian 2, spiny 2
a: Renounce Religion, Berserk, Trog's Hand, Brothers in Arms


You were on level 9 of the Dungeon.
You worshipped Trog.
Trog was extremely pleased with you.
You visited 2 branches of the dungeon, and saw 11 of its levels.

You collected 581 gold pieces.

Inventory:

Hand Weapons
 D - a +2 scimitar of flaming
 E - a +5 battleaxe
 G - a +3 antimagic battleaxe (weapon)
Armour
 g - a +0 pair of gloves (worn)
 h - a +0 plate armour (worn)
 t - a +0 helmet (worn)
 F - a +1 scale mail of cold resistance
Jewellery
 q - a ring of magical power (left hand)
 A - a ring of positive energy (right hand)
 I - an amulet of faith (around neck)
Wands
 b - a wand of disintegration (35) (quivered)
 n - a wand of acid (16)
 r - a wand of digging (5)
Scrolls
 a - 7 scrolls of teleportation
 c - a scroll of blinking
 d - 4 scrolls of identify
 e - 4 scrolls of fog
 k - a scroll of enchant armour
 l - 4 scrolls of enchant weapon
 m - 3 scrolls of magic mapping
 p - 3 scrolls of amnesia
 x - 2 scrolls of immolation {unknown}
 y - a scroll of remove curse {unknown}
 C - 2 scrolls of fear {unknown}
Potions
 f - 2 potions of mutation
 i - 7 potions of heal wounds
 j - 3 potions of curing
 o - 3 potions of cancellation {unknown}
 s - 2 potions of invisibility
 u - 2 potions of brilliance {unknown}
 v - a potion of might
 w - a potion of resistance
 z - 2 potions of haste {unknown}
 B - a potion of degeneration
 H - a potion of magic {unknown}


   Skills:
 * Level 7.5 Fighting
 * Level 5.7 Axes
 + Level 7.1 Armour
 + Level 2.7 Dodging
 + Level 10.0 Unarmed Combat
 * Level 6.0 Evocations


You had 10 spell levels left.
You didn't know any spells.
Your spell library was empty.

Dungeon Overview and Level Annotations

Branches:
Dungeon (10/15)            Temple (0/1) D:7            Lair (0/6) D:10
    Orc (1/2) D:9

Altars:
Ashenzari
Cheibriados
Fedhas
Nemelex Xobeh
Qazlal
Uskayaw
Xom
The Shining One

Shops:
D:6 :   D:7 =(   D:8 *


Innate Abilities, Weirdness & Mutations

You have sharp toenails.
You have a somewhat thin skeletal structure. (Dex +2, Stealth)
A demonic guardian rushes to your aid.
You are mostly covered in sharp spines.


Message History

Trog appreciates your killing of a magic user.
Your sixfirhy hits the warg.
Your sixfirhy shocks the warg!
The warg dies!
Trog accepts your kill.
The orc knight closely misses your sixfirhy.
The orc knight hits you with a +3 war axe.
* * * LOW HITPOINT WARNING * * *
Your sixfirhy hits the orc knight!
Your sixfirhy shocks the orc knight!
The orc warrior hits you from afar with a +0 trident!!
* * * LOW HITPOINT WARNING * * *
You climb upwards.
Welcome back to the Dungeon!
Your summoned allies are left behind.
You feel a strong urge to attack something.
There is a staircase to the Orcish Mines here.
You completely miss the troll. You claw the troll!
You kill the troll!
Trog accepts your kill.
You barely miss the orc knight.
The orc knight hits you with a +3 war axe.
You die...

#.......................###...
#..........)..................
#.........)...................
#...........[.................
#..................>..........
#.............................
#..........>............###...
#...........[...........# #...
#............@.....#..).###...
#.............o...###.[.......
#..................#..........
#.........................(...
#.............................
#.............................
#.............................
##..........................#.
##............)........)..###


You could see an orc knight.

Vanquished Creatures
  Erica (D:8)
  Pikel (D:5)
  An oklob plant (D:10)
  A troll (D:9)
  A wyvern (D:10)
  4 yaks (D:9)
  An orc warrior (D:8)
  5 sky beasts
  3 black bears
  3 ice beasts
  A necrophage (D:9)
  3 ogres
  4 phantoms
  2 centaurs (D:6)
  2 lemures (D:5)
  2 big kobolds
  8 bullfrogs
  A wyvern skeleton (D:10)
  A water moccasin skeleton (D:5)
  A scorpion (D:10)
  3 killer bees (D:8)
  4 wights (D:8)
  4 howler monkeys
  2 bullfrog zombies
  A jelly (D:8)
  A quasit (D:10)
  2 centaur zombies
  A hound (D:3)
  7 orc wizards
  9 orc priests
  4 bullfrog skeletons
  2 iguanas
  5 worker ants
  A hound skeleton (D:5)
  A howler monkey zombie (D:6)
  2 worker ant zombies
  4 gnolls
  10 adders
  A shadow imp (D:9)
  5 white imps
  2 ufetubi
  An ooze (D:2)
  5 worms
  A dart slug (D:1)
  6 leopard geckos
  31 orcs
  4 bats
  8 giant cockroaches
  12 goblins
  9 hobgoblins
  19 jackals
  6 quokkas
  4 ball pythons
  4 frilled lizards
  13 kobolds
  A leopard gecko zombie (D:6)
  A quokka zombie (D:6)
  6 rats
248 creatures vanquished.

Vanquished Creatures (collateral kills)
  A hydra (D:10)
  A two-headed ogre (D:8)
  2 gargoyles
  Prince Ribbit (D:7)
  A hornet (D:8)
  A yak (D:9)
  A warg (Orc:1)
  2 orc warriors
  A howler monkey (D:10)
  An iguana (D:9)
  2 orc wizards
  A white imp (D:9)
  3 orcs
  A jackal (D:10)
19 creatures vanquished.

Grand Total: 267 creatures vanquished

Notes
Turn   | Place    | Note
-------+----------+-------------------------------------------
     0 | D:1      | Majorwet the Demonspawn Berserker began the quest for the
                  | Orb.
     0 | D:1      | Reached XP level 1. HP: 18/18 MP: 1/1
   403 | D:1      | Gained mutation: You have sharp toenails. [demonic
                  | ancestry]
   403 | D:1      | Reached XP level 2. HP: 24/24 MP: 2/2
   502 | D:1      | Reached skill level 3 in Unarmed Combat
   694 | D:1      | Gained mutation: You have a somewhat thin skeletal
                  | structure. (Dex +2, Stealth) [demonic ancestry]
   694 | D:1      | Reached XP level 3. HP: 29/29 MP: 3/3
  1228 | D:2      | Found a broken altar of Ashenzari.
  1333 | D:2      | Found a snail-covered altar of Cheibriados.
  1334 | D:2      | Found a glowing golden altar of the Shining One.
  1347 | D:2      | Reached ** piety under Trog
  1412 | D:2      | Found a sparkling altar of Nemelex Xobeh.
  1413 | D:2      | Found a shimmering altar of Xom.
  1418 | D:2      | Found a stormy altar of Qazlal.
  1488 | D:2      | Reached XP level 4. HP: 37/37 MP: 4/4
  1841 | D:2      | Reached skill level 4 in Unarmed Combat
  2044 | D:2      | Reached XP level 5. HP: 4/42 MP: 5/5
  2519 | D:3      | Reached *** piety under Trog
  2942 | D:3      | Found a blossoming altar of Fedhas.
  3488 | D:4      | Reached skill level 5 in Unarmed Combat
  3563 | D:4      | Gained mutation: A weak demonic guardian rushes to your
                  | aid. [demonic ancestry]
  3563 | D:4      | Reached XP level 6. HP: 43/48 MP: 6/6
  4573 | D:5      | Entered Level 5 of the Dungeon
  4587 | D:5      | Noticed a sky beast
  4601 | D:5      | Killed a sky beast
  4603 | D:5      | Noticed Pikel
  4611 | D:5      | Noticed an ice beast
  4628 | D:5      | HP: 2/72 [lemure[Pikel] (4)]
  4629 | D:5      | Killed Pikel
  4630 | D:5      | Reached skill level 6 in Unarmed Combat
  4630 | D:5      | Reached XP level 7. HP: 3/55 MP: 7/7
  4638 | D:5      | HP: 4/82 [adder (3)]
  4639 | D:5      | Gained mutation: You are partially covered in sharp spines.
                  | [demonic ancestry]
  4639 | D:5      | Reached XP level 8. HP: 5/61 MP: 8/8
  5176 | D:5      | Reached skill level 5 in Fighting
  5315 | D:5      | Found a hide-covered altar of Uskayaw.
  5709 | D:6      | Noticed a gargoyle
  5716 | D:6      | Reached skill level 7 in Unarmed Combat
  5720 | D:6      | Killed a gargoyle
  5721 | D:6      | Reached skill level 5 in Armour
  6330 | D:6      | Found Lesap's Book Boutique.
  6339 | D:6      | Gained mutation: A demonic guardian rushes to your aid.
                  | [demonic ancestry]
  6339 | D:6      | Reached XP level 9. HP: 69/69 MP: 9/9
  6612 | D:7      | Noticed Prince Ribbit
  6617 | D:7      | Killed Prince Ribbit
  6617 | D:7      | Reached **** piety under Trog
  6618 | D:7      | Reached skill level 8 in Unarmed Combat
  6853 | D:7      | Found a staircase to the Ecumenical Temple.
  6892 | D:7      | Found Tizuc's Antique Weapon Shop.
  7151 | D:7      | Found Venwibev's Jewellery Emporium.
  7681 | D:8      | Reached skill level 9 in Unarmed Combat
  7749 | D:8      | Paralysed by a hornet for 3 turns
  7927 | D:8      | Noticed Erica
  8240 | D:8      | Killed Erica
  8327 | D:8      | Gained mutation: You are mostly covered in sharp spines.
                  | [demonic ancestry]
  8327 | D:8      | Reached XP level 10. HP: 59/77 MP: 10/10
  8551 | D:8      | Found Fill's General Store.
  8590 | D:8      | Noticed a two-headed ogre
  8595 | D:8      | Killed a two-headed ogre
  8596 | D:8      | Reached skill level 5 in Evocations
  8654 | D:8      | Reached ***** piety under Trog
  9031 | D:9      | Reached skill level 10 in Unarmed Combat
  9038 | D:9      | Reached skill level 1 in Axes
  9324 | D:9      | Found a staircase to the Orcish Mines.
  9620 | D:10     | Entered Level 10 of the Dungeon
  9628 | D:10     | Noticed an oklob plant
  9631 | D:10     | Killed an oklob plant
  9693 | D:10     | Received a gift from Trog
  9929 | D:10     | Noticed an eight-headed hydra
  9935 | D:10     | Killed a ten-headed hydra
  9936 | D:10     | Reached skill level 5 in Axes
 10734 | D:10     | Reached XP level 11. HP: 77/84 MP: 6/11
 10866 | D:10     | Found a staircase to the Lair.
 11583 | Orc:1    | Entered Level 1 of the Orcish Mines
 11583 | Orc:1    | Noticed an orc knight
 11592 | Orc:1    | HP: 2/126 [orc warrior/+0 trident[an orc knight] (32)]
 11594 | D:9      | Slain by an orc knight

Illustrated notes

Levels and vault maps discovered:
D:1:      dpeg_arrival_arbitrary_b, layout_loops_ring
D:2:      layout_loops_ring, ashenzari_conservatory_becter, minitemple,
          kennysheep_generic_room_4
D:3:      layout_basic, fedhas_altar_4
D:4:      layout_basic
D:5:      layout_loops_ring, basic_altar, uniq_pikel
D:6:      layout_loops_ring, serial_shops, nicolae_shop_crystal
D:7:      layout_rooms, minmay_temple_entry_statues_fountains, serial_shops,
          shop, nicolae_shop_waterfront, uniq_prince_ribbit1
D:8:      layout_basic, serial_shops,
          nicolae_shop_temple_entry_statues_fountains, minmay_misc_feat_hallway,
          uniq_erica
D:9:      layout_big_octagon, orc_0_dummy, minmay_tree_intersection
D:10:     layout_cave_pods, dpeg_oklobed_lair
Orc:1:    layout_caves

Skill      XL: |  1  2  3  4  5  6  7  8  9 10 |
---------------+-------------------------------+-----
Unarmed Combat | 3 4 5 6 7 9 10 | 10.0
Dodging        | 2 |  2.7
Armour         | 2 4 5 6 7 |  7.1
Fighting       | 4 5 6 7 |  7.5
Evocations     | 2 3 4 6 |  6.0
Axes           | 5 |  5.7

Action                   |  1- 3 |  4- 6 |  7- 9 | 10-12 || total
-------------------------+-------+-------+-------+-------++-------
Melee: Unarmed           |    99 |   232 |   204 |    45 ||   580
       Kick              |    18 |    73 |    61 |    48 ||   200
       Punch             |       |     6 |     6 |     3 ||    15
       Battleaxe         |       |       |       |    88 ||    88
Invok: Berserk           |     2 |     3 |     2 |     6 ||    13
       Trog's Hand       |       |     1 |       |       ||     1
Evoke: Wand              |       |       |       |     3 ||     3
  Use: Scroll            |       |     5 |     3 |     6 ||    14
       Potion            |       |       |     1 |       ||     1
 Stab: Distracted        |       |       |     2 |       ||     2
Armor: Ring mail         |    19 |       |       |       ||    19
       Plate armour      |    12 |   176 |   120 |    88 ||   396
Dodge: Dodged            |    47 |    88 |    47 |    56 ||   238
